 Dungeon Crawl Stone Soup version 0.30.1-1-g62c8e00024 (webtiles) character file.

Game seed: 4682183048588507023

70497 CrazyBamboolord the Eclecticist (level 15, -1/112 HPs)
             Began as a Djinni Fire Elementalist on July 15, 2023.
             Was the Champion of Makhleb.
             Killed from afar by a frost giant (12 damage)
             ... with a bolt of cold
             ... in an ice cave.
             The game lasted 01:09:57 (17256 turns).

CrazyBamboolord the Eclecticist (DjFE)             Turns: 17256, Time: 01:09:58

Health: -1/112     AC:  9    Str: 11    XL:     15   Next: 78%
Gold:   1937       EV: 16    Int: 24    God:    Makhleb [******] SH:  0 Dex: 14

rFire   + + +        x - staff of fire
rCold   + . .        (no shield)
rNeg    + . .        E - +1 leather armour {rC+}
rPois   ∞            a - +0 helmet
rElec   +            L - +2 cloak
rCorr   +            B - +0 pair of gloves
SInv    .            (boots unavailable)
Will    +....        y - amulet of regeneration
Stlth   ++           Q - ring of positive energy
HPRegen 1.18/turn    f - ring of Ugitaxom {rF+ rCorr Str+4}
MPRegen 0.00/turn

%: random rage (3%), infuse magic (-2 HP)
@: about to teleport, resistant, flying, studying Fighting
A: sickness immunity, fire resistance 2, cold vulnerability 1, float, innate
caster, HP casting, extra vitality 1, berserk 1
a: Renounce Religion, Minor Destruction, Lesser Servant of Makhleb, Major
Destruction, Greater Servant of Makhleb


You were in an ice cave.
You worshipped Makhleb.
Makhleb was exalted by your worship.
You visited 3 branches of the dungeon, and saw 18 of its levels.
You also visited: Ossuary, Bailey, Ice Cave and Volcano.

You collected 1937 gold pieces.

Inventory:

Hand Weapons
 l - a +7 dagger of speed
Missiles
 z - 6 throwing nets
Armour
 a - a +0 helmet (worn)
 r - an orb of guile
 B - a +0 pair of gloves (worn)
 E - a +1 leather armour of cold resistance (worn)
 I - a +3 leather armour of fire resistance
 L - a +2 cloak (worn)
Magical Staves
 x - a staff of fire (weapon)
Jewellery
 f - the ring of Ugitaxom (right hand) {rF+ rCorr Str+4}
   (You acquired it on level 3 of the Dungeon)

   [ring of resist corrosion]

   Str:       It affects your strength (+4).
   rF:        It protects you from fire.
   rCorr:     It protects you from acid and corrosion.
 y - an amulet of regeneration (around neck)
 N - a +4 ring of protection
 Q - a ring of positive energy (left hand)
Wands
 g - a wand of charming (26)
 o - a wand of polymorph (22)
 s - a wand of iceblast (25)
 F - a wand of acid (23)
 R - a wand of flame (7)
Scrolls
 b - 2 scrolls of vulnerability
 c - 6 scrolls of poison
 e - 3 scrolls of fog
 i - 2 scrolls of enchant armour
 j - a scroll of immolation
 p - a scroll of brand weapon
 q - 5 scrolls of noise
 v - 4 scrolls of fear
 G - 8 scrolls of teleportation
 H - a scroll of torment
 O - a scroll of silence
 P - a scroll of acquirement
Potions
 d - 4 potions of might
 h - 3 potions of heal wounds
 k - 5 potions of attraction
 m - 2 potions of resistance
 n - a potion of berserk rage
 t - 8 potions of curing
 u - 3 potions of haste
 w - a potion of brilliance
 A - a potion of magic {unknown}
 C - 5 potions of lignification
 D - 2 potions of invisibility
 J - 3 potions of mutation
 M - 2 potions of cancellation {unknown}
Miscellaneous
 K - a box of beasts


   Skills:
 * Level 11.6 Fighting
 * Level 9.6 Dodging
 + Level 4.3 Stealth
 * Level 18.6 Spellcasting
 * Level 8.0 Invocations


You knew the following spells:

 Your Spells              Type           Power      Damage    Failure   Level
a - Foxfire               Conj/Fire      100%       2x1d9     0%          1
b - Scorch                Fire           100%       2d9       0%          2
c - Volatile Blastmotes   Fire/Tloc      100%       2d18      0%          3
d - Inner Flame           Hex/Fire       100%       N/A       0%          3
e - Flame Wave            Conj/Fire      100%       2d21      0%          4
f - Sting                 Tmut/Pois      100%       1d8       0%          1
g - Momentum Strike       Conj/Tloc      100%       3d10      0%          2
h - Ignite Poison         Fire/Tmut/Pois 100%       N/A       0%          3
i - Stone Arrow           Conj/Erth      100%       3d13      0%          3
j - Irradiate             Conj/Tmut      42%        3d25      1%          5
k - Summon Mana Viper     Hex/Summ       84%        N/A       1%          5
l - Simulacrum            Ice/Necr       42%        N/A       1%          6
Your spell library was empty.

Dungeon Overview and Level Annotations

Branches:
Dungeon (12/15)            Temple (1/1) D:5            Lair (5/5) D:9
  Swamp (0/4) Lair:3        Snake (0/4) Lair:3        Slime (0/5) Lair:5
    Orc (0/2) D:11        Ossuary (visited)          Bailey (visited)
  IceCv (1/1)             Volcano (visited)

Altars:
Ashenzari
Cheibriados
Dithmenos
Elyvilon
Fedhas
Gozag
Hepliaklqana
Makhleb
Nemelex Xobeh
Okawaru
Qazlal
Ru
Trog
Uskayaw
Wu Jian
Xom
Yredelemnul
Zin
The Shining One
Jiyva

Shops:
D:3 (


Innate Abilities, Weirdness & Mutations

You are immune to sickness and miasma.
You are immune to poison.
Your flesh is very heat resistant. (rF++)
You are vulnerable to cold. (rC-)
You float through the air rather than walking.
You learn spells naturally, not from books.
Your magical power is your life essence.
You have superior vitality. (+4 MHP)
You sometimes lose your temper in combat.


Message History

Aim: a frost giant, wielding a +2 battleaxe of freezing (ally target, about 12% to evade your staff of fire)
Your weapon can't reach that far!
Okay, then.
Casting: Summon Mana Viper (safe; 1% risk of failure)
Confirm with . or Enter, or press ? or * to list all spells.
You feel a surge of power!
Flames lash the frost giant.
The frost giant is lightly wounded.
The frost giant's fire resistance burns away.
Unknown command.
Casting: Scorch (safe; 0% risk of failure)
Confirm with . or Enter, or press ? or * to list all spells.
You feel a surge of power!
Flames lash the frost giant.
The frost giant is burned terribly!
The frost giant is lightly wounded.
Your mana viper bites the frost giant but does no damage.
The frost giant hits you with a +2 battleaxe of freezing!!
The frost giant freezes you.
The frost giant hits your mana viper with a +2 battleaxe of freezing!
Your mana viper seems to slow down.
The frost giant freezes your mana viper.
The frost giant attacks as you move away!
The frost giant hits you with a +2 battleaxe of freezing!!
* * * LOW HITPOINT WARNING * * *
The frost giant freezes you.
* * * LOW HITPOINT WARNING * * *
The frost giant completely misses your mana viper.
Your mana viper barely misses the frost giant.
The frost giant hits your mana viper with a +2 battleaxe of freezing!!
The frost giant freezes your mana viper.
A death yak comes into view.
The frost giant hits your mana viper with a +2 battleaxe of freezing!!
The frost giant freezes your mana viper!
Your mana viper dies!
Your mana viper disappears in a puff of smoke!
Unknown command.
As you read the scroll of teleportation, it crumbles to dust.
You feel strangely unstable.
The frost giant gestures at you while chanting.
The bolt of cold hits you! You resist.
You die...

.## #..###...#
..# #..#
##..## #.#
##.# #...# #.#
##..# #...#
.## #..##
##..## .##
#..# #####..#
..##
##.####.####.#
#..###..#
#[..##..#
#...#..##
#...##@##
##.....#
#..YC..#
#.⌠..##
##†#..##
#††.## #.#####
##..# #Y#
####.# ##
#.#.## .#.##
#.##


You could see a frost giant (combustible) and a death yak.

Vanquished Creatures
  Kirke (Lair:5)
  A fire dragon (Lair:3)
  The ghost of Rihosch the Markskobold, a journeyman KoHu of Okawaru (Lair:2)
  4 hydras (Lair:5)
  Harold (D:11)
  Erica (D:11)
  A centaur warrior (D:11)
  A deep troll shaman (Lair:5)
  5 two-headed ogres
  A boulder beetle (D:9)
  2 catoblepae (Lair:5)
  14 death yaks
  A hell knight (Volcano)
  Nergalle (D:11)
  A skyshark (Lair:2)
  2 skeletal warriors (D:11)
  A manticore (D:12)
  3 cyclopes
  4 salamanders
  9 elephants
  Maurice (D:9)
  A black mamba (Lair:5)
  4 gargoyles
  An ice statue (IceCv)
  9 cane toads
  4 molten gargoyles (Volcano)
  A torpor snail (Lair:4)
  3 rime drakes
  An efreet (Volcano)
  6 komodo dragons
  2 unseen horrors (D:10)
  4 kobold demonologists
  A burning bush (Lair:3)
  12 polar bears
  A troll (D:10)
  Prince Ribbit (D:6)
  Grinder (D:4)
  3 blink frogs (Lair:1)
  2 spectral dream sheep (Lair:2)
  A dream sheep (Lair:3)
  8 slime creatures
  A shadow (D:12)
  2 spectral black mambas (Lair:2)
  71 yaks
  3 wyverns
  4 basilisks
  Eustachio (D:6)
  5 wraiths
  2 hogs (Lair:5)
  A human (Lair:5)
  9 water moccasins
  5 orc warriors
  A sky beast (D:7)
  37 wolves
  3 centaurs
  Blork the orc (D:5)
  12 kobold brigands
  2 scorpions
  8 bullfrogs
  3 gnoll sergeants
  15 wights
  5 howler monkeys
  2 electric eels (Lair:5)
  4 lava snakes (Lair:3)
  5 hounds
  A komodo dragon simulacrum (Lair:2)
  9 jellies
  4 sleepcaps
  8 orc priests
  Ijyb (D:4)
  4 iguanas
  3 iron imps (D:6)
  10 orc wizards
  4 hell rats (Lair:5)
  4 mummies
  5 gnolls (D:6)
  8 adders
  2 white imps (D:6)
  2 worms (D:3)
  A dart slug (D:3)
  35 orcs
  7 bats
  6 endoplasms
  3 giant cockroaches
  6 goblins
  4 hobgoblins
  3 jackals (D:1)
  33 kobolds
  2 quokkas
  9 ball pythons
  A frilled lizard (D:3)
  3 goblin zombies (Ossuary)
  8 hobgoblin zombies (Ossuary)
  4 kobold zombies
  An orc zombie (Ossuary)
  A quokka zombie (Ossuary)
  9 rats
  3 rat zombies (Ossuary)
528 creatures vanquished.

Vanquished Creatures (collateral kills)
  A death yak (Lair:5)
  A skeletal warrior (D:11)
  A spectral boulder beetle (Lair:2)
  A molten gargoyle (Volcano)
  2 cane toads
  An efreet (Volcano)
  A troll (D:11)
  Grum (D:11)
  A black bear (Lair:5)
  A black mamba simulacrum (Lair:2)
  4 orc warriors (D:11)
  2 ogres (D:11)
  3 wolves
  A bullfrog (Lair:1)
  A gnoll sergeant (D:11)
  A gnoll (D:11)
  4 orcs (D:11)
27 creatures vanquished.

Vanquished Creatures (others)
  A polar bear (IceCv)
  225 foxfires
226 creatures vanquished.

Grand Total: 781 creatures vanquished

Notes
Turn   | Place    | Note
-------+----------+-------------------------------------------
     0 | D:1      | CrazyBamboolord the Djinni Fire Elementalist began the
                  | quest for the Orb.
     0 | D:1      | CrazyBamboolord set off with the following spells
                  | memorised: Foxfire, Scorch, Volatile Blastmotes, Inner
                  | Flame, Flame Wave.
     0 | D:1      | Reached XP level 1. HP: 15/15 MP: 0/0
   181 | D:1      | Reached XP level 2. HP: 20/21 MP: 0/0
   196 | D:1      | HP: 1/22 [kobold/+0 short sword (3)]
   427 | D:1      | Reached XP level 3. HP: 25/26 MP: 0/0
   427 | D:1      | Learned a level 1 spell: Sting
   473 | D:1      | Reached skill level 3 in Spellcasting
   481 | D:1      | You are sucked into a shaft and drop 1 floor!
   580 | D:2      | Found a hazy altar of Hepliaklqana.
  1599 | D:2      | Reached XP level 4. HP: 28/31 MP: 0/0
  2148 | D:3      | Identified 2 scrolls of acquirement
  2148 | D:3      | Acquired a manual of Spellcasting
  2152 | D:3      | Acquired the ring of Ugitaxom {rF+ rCorr Str+4}
  2338 | D:3      | Found Yxzom's Antique Weapon Shop.
  2547 | D:3      | Reached XP level 5. HP: 31/36 MP: 0/0
  2547 | D:3      | Learned a level 2 spell: Momentum Strike
  2591 | D:3      | Reached skill level 1 in Fighting
  2995 | D:3      | Reached skill level 4 in Spellcasting
  3348 | D:4      | Noticed Ijyb
  3356 | D:4      | Killed Ijyb
  3357 | D:4      | Reached skill level 5 in Spellcasting
  3357 | D:4      | Reached XP level 6. HP: 36/42 MP: 0/0
  3618 | D:4      | Found the +5 robe of Misfortune {Harm *Corrode *Slow EV+5}
  3966 | D:4      | Noticed Grinder
  3986 | D:4      | Killed Grinder
  3987 | D:4      | Reached skill level 6 in Spellcasting
  3987 | D:4      | Reached XP level 7. HP: 38/49 MP: 0/0
  3987 | D:4      | Learned a level 3 spell: Ignite Poison
  4137 | D:5      | Entered Level 5 of the Dungeon
  4185 | D:5      | Reached skill level 7 in Spellcasting
  4374 | D:5      | Noticed a water moccasin
  4380 | D:5      | Killed a water moccasin
  4479 | D:5      | Reached XP level 8. HP: 46/54 MP: 0/0
  4605 | D:5      | Noticed Blork the orc
  4613 | D:5      | Killed Blork the orc
  4614 | D:5      | Reached skill level 8 in Spellcasting
  4849 | D:5      | Found a staircase to the Ecumenical Temple.
  5032 | Temple   | Entered the Ecumenical Temple
  5302 | D:6      | Noticed Prince Ribbit
  5305 | D:6      | Killed Prince Ribbit
  5317 | D:6      | Found a burning altar of Makhleb.
  5340 | D:6      | Reached skill level 9 in Spellcasting
  5345 | D:6      | Became a worshipper of Makhleb the Destroyer
  5455 | D:6      | Reached XP level 9. HP: 58/60 MP: 0/0
  5455 | D:6      | Learned a level 3 spell: Stone Arrow
  5477 | D:6      | Reached skill level 10 in Spellcasting
  5501 | D:6      | Noticed Eustachio
  5511 | D:6      | Killed Eustachio
  5511 | D:6      | Reached * piety under Makhleb
  5629 | D:6      | Identified the +3 scale mail "Rucwon" {Contam rN+ Will++}
  5702 | D:6      | Found a glowing golden altar of the Shining One.
  5895 | D:7      | Reached skill level 11 in Spellcasting
  6271 | D:7      | Reached skill level 1 in Invocations
  6448 | D:8      | Acquired a manual of Fighting
  6508 | D:8      | Found a sand-covered staircase.
  6513 | Ossuary  | Entered an ossuary
  6537 | Ossuary  | Reached ** piety under Makhleb
  6913 | D:8      | Reached skill level 5 in Dodging
  6923 | D:8      | Found a viscous altar of Jiyva.
  6929 | D:8      | Reached XP level 10. HP: 62/67 MP: 0/0
  7158 | D:8      | Reached *** piety under Makhleb
  7536 | D:9      | Found a staircase to the Lair.
  7561 | D:9      | Reached skill level 12 in Spellcasting
  7577 | D:9      | Found a shadowy altar of Dithmenos.
  7714 | D:9      | Found a flagged portal.
  7724 | D:9      | Identified the +6 hand axe "Zire" {antimagic, Dex+4}
  7732 | Bailey   | Entered a bailey
  7897 | Bailey   | Found an iron altar of Okawaru.
  8025 | D:9      | Noticed a two-headed ogre
  8034 | D:9      | Killed a two-headed ogre
  8127 | D:9      | Reached skill level 5 in Fighting
  8128 | D:9      | Noticed Maurice
  8142 | D:9      | Killed Maurice
  8198 | D:9      | Noticed a boulder beetle
  8216 | D:9      | Killed a boulder beetle
  8217 | D:9      | Reached skill level 13 in Spellcasting
  8217 | D:9      | Reached XP level 11. HP: 46/76 MP: 0/0
  8217 | D:9      | Learned a level 5 spell: Irradiate
  8433 | D:9      | Reached **** piety under Makhleb
  8512 | D:9      | Found an ornate altar of the Wu Jian Council.
  8655 | D:10     | Entered Level 10 of the Dungeon
  8796 | D:10     | Found a sacrificial altar of Ru.
  8853 | D:10     | Noticed a two-headed ogre
  8854 | D:10     | Killed a two-headed ogre
  8854 | D:10     | Noticed a two-headed ogre
  8858 | D:10     | Killed a two-headed ogre
  8865 | D:10     | Found a snail-covered altar of Cheibriados.
  9356 | Lair:1   | Entered Level 1 of the Lair of Beasts
  9369 | Lair:1   | Reached skill level 14 in Spellcasting
  9481 | Lair:1   | Reached XP level 12. HP: 84/84 MP: 0/0
  9984 | Lair:2   | Noticed a skyshark
  9998 | Lair:2   | Killed a skyshark
 10102 | Lair:2   | Found a runed translucent gate.
 10102 | Lair:2   | Found a runed translucent gate.
 10102 | Lair:2   | Found a runed translucent gate.
 10111 | Lair:2   | Noticed Rihosch's ghost (journeyman KoHu)
 10312 | Lair:2   | Noticed a death yak
 10312 | Lair:2   | Noticed a death yak
 10312 | Lair:2   | Noticed a death yak
 10312 | Lair:2   | Noticed a death yak
 10312 | Lair:2   | Noticed a death yak
 10320 | Lair:2   | Killed a death yak
 10321 | Lair:2   | Reached skill level 15 in Spellcasting
 10419 | Lair:2   | Killed a death yak
 10420 | Lair:2   | Reached skill level 5 in Invocations
 10425 | Lair:2   | Killed a death yak
 10428 | Lair:2   | HP: 4/87 [death yak (21)]
 10509 | Lair:1   | Killed a death yak
 10562 | Lair:2   | Killed a death yak
 10563 | Lair:2   | Reached XP level 13. HP: 93/93 MP: 0/0
 10563 | Lair:2   | Learned a level 5 spell: Summon Mana Viper
 10825 | Lair:2   | Killed Rihosch's ghost
 10951 | Lair:3   | Reached ***** piety under Makhleb
 10970 | Lair:3   | Found a staircase to the Swamp.
 11223 | Lair:3   | Found a staircase to the Snake Pit.
 11717 | Lair:3   | Noticed a fire dragon
 11729 | Lair:3   | Killed a fire dragon
 12517 | Lair:4   | Found a dark tunnel.
 12525 | Volcano  | Entered a volcano
 12534 | Volcano  | Reached skill level 16 in Spellcasting
 12757 | Volcano  | Noticed an orb of fire
 12777 | Volcano  | Identified the +0 pair of boots "Enikhe" {rN+ Regen+}
 12818 | Volcano  | Noticed an orb of fire
 13639 | Lair:5   | Entered Level 5 of the Lair of Beasts
 13639 | Lair:5   | Noticed a seven-headed hydra
 13639 | Lair:5   | Noticed a five-headed hydra
 13644 | Lair:5   | Killed a five-headed hydra
 13645 | Lair:5   | Reached XP level 14. HP: 85/101 MP: 0/0
 13732 | Lair:5   | HP: 4/102 [four-headed hydra (5)]
 13854 | Lair:5   | Reached skill level 10 in Fighting
 13898 | Lair:5   | Reached skill level 17 in Spellcasting
 13912 | Lair:5   | Noticed Kirke
 13923 | Lair:5   | Killed Kirke
 14255 | Lair:5   | Found a staircase to the Slime Pits.
 14477 | Lair:5   | Reached ****** piety under Makhleb
 14583 | Lair:5   | Gained mutation: You sometimes lose your temper in combat.
                  | [mutagenic glow]
 15150 | D:11     | Reached XP level 15. HP: 93/109 MP: 0/0
 15150 | D:11     | Learned a level 6 spell: Simulacrum
 15187 | D:11     | Noticed Harold
 15197 | D:11     | Killed Harold
 15334 | D:11     | Identified the +10 whip of Urgency {flame, rPois Str+2
                  | Int-4}
 15562 | D:11     | Noticed Nergalle
 15576 | D:11     | Killed Nergalle
 15598 | D:11     | Found a staircase to the Orcish Mines.
 15598 | D:11     | Noticed Grum
 15607 | D:11     | Reached skill level 18 in Spellcasting
 15611 | D:11     | Killed Grum
 15770 | D:11     | Noticed Erica
 15789 | D:11     | Killed Erica
 16598 | D:12     | Found a frozen archway.
 16613 | IceCv    | Entered an ice cave
 17246 | IceCv    | Noticed a frost giant
 17252 | IceCv    | HP: 5/112 [frost giant/+2 battleaxe of freezing (3)]
 17256 | IceCv    | Killed from afar by a frost giant

Illustrated notes

Levels and vault maps discovered:
D:1:      psy_arrival_radial01, layout_basic
D:2:      layout_basic, basic_altar, serial_forest,
          infiniplex_forest_clump_small, infiniplex_forest_clump_tiny,
          infiniplex_forest_end_2, infiniplex_forest_zigzag_1,
          infiniplex_forest_end_1, infiniplex_forest_straight_2,
          infiniplex_forest_lined_3, infiniplex_forest_clump_tiny,
          infiniplex_forest_diagonal, infiniplex_forest_zigzag_1,
          serial_bayou_pond_e
D:3:      layout_basic, serial_shops, shop, kennysheep_donut,
          chequers_serial_rivers_room_b
D:4:      layout_basic, nicolae_vehumet_radiance, minivault_4,
          hangedman_abyss_or_decor_stabs, uniq_ijyb, uniq_grinder
D:5:      layout_gridville, minmay_temple_entry_statues_fountains,
          uniq_blork_the_orc
D:6:      hellmonk_ruined_rings, layout_rooms, demons_altar,
          nicolae_tso_carved_into_rock, uniq_prince_ribbit1, uniq_eustachio
D:7:      layout_gridville, minmay_strange_pillars
D:8:      layout_basic, nicolae_ossuary_entry_giza, jiyva_altar_1
D:9:      layout_long_grid, kennysheep_mini_moat, nzn_wu_jian_council_hall,
          enter_bailey_2, uniq_maurice
D:10:     layout_roguey, nicolae_ru_the_path_less_chosen,
          mainiacjoe_overflow_cross_hatched
D:11:     layout_loops_corners, kennysheep_orc_monster_closet_entryway,
          uniq_nergalle, uniq_grum, uniq_erica, uniq_harold
D:12:     layout_gridville, portal_ice_cave_rime
Temple:   regret_index_temple_generic_petals
Lair:1:   layout_gridlike
Lair:2:   layout_roguey, gammafunk_ghost_necromancy
Lair:3:   dragon1_lemuel, layout_layer_cave, swamp_mist_pool,
          nicolae_snake_entry_warm_welcome, small_statue_intersection,
          evilmike_ambush [evilmike_ambush_outer_basic,
          evilmike_ambush_inner_pond]
Lair:4:   layout_layer_cave, enter_volcano_2, st_stairs_13, minmay_holes
Lair:5:   grunt_lair_end_beastmaster, layout_regular_city,
          minmay_slime_entry_pillars, lemuel_fruit_fields, serial_bayou_shore_a,
          uniq_rupert, uniq_nessos, uniq_kirke
IceCv:    ice_cave_caverns_01

Skill      XL: |  1  2  3  4  5  6  7  8  9 10 11 12 13 14 15 |
---------------+----------------------------------------------+-----
Spellcasting   | 3 5 6 7 9 11 13 14 15 16 17 18 | 18.6
Dodging        | 3 4 5 6 7 8 9 |  9.6
Fighting       | 1 2 3 5 6 8 9 10 11 | 11.6
Stealth        | 2 3 4 |  4.3
Invocations    | 2 3 4 5 6 7 8 |  8.0

Action                     |  1- 3 |  4- 6 |  7- 9 | 10-12 | 13-15 || total
---------------------------+-------+-------+-------+-------+-------++-------
  Melee: Unarmed           |     7 |       |       |       |       ||     7
         Dagger            |    12 |    10 |    16 |     7 |    15 ||    60
         Staff             |       |       |       |       |    13 ||    13
   Cast: Foxfire           |    43 |    44 |    32 |    15 |     3 ||   137
         Sting             |     6 |       |     3 |       |       ||     9
         Scorch            |     1 |    33 |    31 |     9 |     5 ||    79
         Volatile Blastmot |     1 |     3 |     4 |     4 |     5 ||    17
         Momentum Strike   |       |     1 |     2 |       |       ||     3
         Flame Wave        |       |       |     7 |    10 |    57 ||    74
         Inner Flame       |       |       |    19 |    23 |     6 ||    48
         Stone Arrow       |       |       |    44 |   153 |   281 ||   478
         Irradiate         |       |       |       |     6 |    20 ||    26
         Summon Mana Viper |       |       |       |       |    19 ||    19
         Simulacrum        |       |       |       |       |    13 ||    13
  Evoke: Box of beasts     |       |       |       |     3 |     1 ||     4
         Wand              |       |       |       |     1 |     2 ||     3
    Use: Scroll            |       |     5 |    16 |    14 |     6 ||    41
         Potion            |       |       |       |     2 |     2 ||     4
 Armour: Robe              |     9 |     4 |     6 |     1 |       ||    20
         Leather armour    |       |       |       |    24 |    94 ||   118
  Dodge: Dodged            |    40 |    18 |    24 |    55 |   217 ||   354
